 Dungeon Crawl Stone Soup version 0.18.1-8-gdd0e5ea (webtiles) character file.

2627 deorigin the Transmogrifier (level 9, -9/73 HPs)
             Began as a Naga Transmuter on June 2, 2016.
             Was a Priest of Cheibriados.
             Mangled by Thrillho's ghost (15 damage)
             ... on level 7 of the Dungeon.
             The game lasted 00:24:46 (9939 turns).

deorigin the Transmogrifier (Naga Transmuter)       Turns: 9939, Time: 00:24:46

Health: -9/73      AC:  6    Str: 21    XL:     9   Next: 61%
Magic:  15/19      EV: 11    Int: 24    God:    Cheibriados [***...]
Gold:   102        SH:  0    Dex: 20    Spells: 5 memorised, 6 levels left

rFire  . . .     SeeInvis +       - Unarmed
rCold  . . .     Gourm    .     b - +0 robe
rNeg   . . .     Faith    .     (shield currently unavailable)
rPois  +         Spirit   .     (no helmet)
rElec  .         Dismiss  .     C - +1 cloak
rCorr  .         Reflect  .     (gloves currently unavailable)
SustAt .         Harm     .     (no barding)
MR     ++...                    E - amulet of magic regeneration (curse)
Stlth  ++++......               X - ring of stealth
                                I - ring of protection from magic

@: about to teleport, blade hands, very slow, very resistant to hostile
enchantments, stealthy
A: see invisible, deformed body, poison resistance, slowness 2, slow metabolism
1, spit poison 2, AC +3
a: Spit Poison, End Transformation, Bend Time, Temporal Distortion, Renounce
Religion


You were on level 7 of the Dungeon.
You worshipped Cheibriados.
Cheibriados was most pleased with you.
You were hungry.
You had blades for hands.
You visited 1 branch of the dungeon, and saw 7 of its levels.

You collected 249 gold pieces.
You spent 147 gold pieces at shops.

Inventory:

Hand Weapons
 a - a +2 trident of venom
 w - a +0 halberd
 x - a +2 spear of freezing
 y - a +3 quarterstaff of chaos
 D - a +2 mace of protection
 K - a cursed +2 falchion
 N - a +1 flail of protection
 Q - a +5 short sword of venom (melded)
 R - a +4 dire flail
Missiles
 o - 57 poisoned needles
 W - 14 arrows
 Z - 2 tomahawks (quivered)
Armour
 b - a +0 robe (worn)
 j - a +0 chain mail
 k - a +0 chain mail
 m - a +0 plate armour
 s - a +0 ring mail
 v - a +0 ring mail
 C - a +1 cloak (worn)
 L - a +0 leather armour
 O - a +2 scale mail of poison resistance
 T - a +0 leather armour
Jewellery
 l - an uncursed amulet of guardian spirit
 E - a cursed amulet of magic regeneration (around neck)
 I - a ring of protection from magic (left scythe-like blade)
 S - an uncursed ring of protection from fire
 X - a ring of stealth (right scythe-like blade)
Wands
 f - a wand of lightning (12/15)
 t - a wand of flame (20/48)
Scrolls
 e - a scroll of amnesia {unknown}
 g - a scroll of immolation {unknown}
 h - 2 scrolls of fog {unknown}
 i - a scroll of recharging {unknown}
 p - 2 scrolls of remove curse
 u - a scroll of enchant armour
 z - a scroll of noise {unknown}
 G - a scroll of blinking {unknown}
 M - 3 scrolls of teleportation
 U - a scroll of random uselessness {unknown}
 V - a scroll of acquirement {unknown}
 Y - 2 scrolls of fear {unknown}
Potions
 q - a potion of agility
 r - a potion of invisibility
 A - a potion of magic
 B - a potion of cure mutation {unknown}
 J - a potion of flight {unknown}
 P - a potion of brilliance {unknown}
Comestibles
 d - 3 bread rations
 H - 2 meat rations


   Skills:
 + Level 2.0 Fighting
 + Level 2.1 Dodging
 + Level 3.1 Stealth
 + Level 3.1 Unarmed Combat
 - Level 6.7 Spellcasting
 - Level 9.2 Transmutations
 - Level 2.6 Ice Magic
 - Level 4.0 Poison Magic


You had 6 spell levels left.
You knew the following spells:

 Your Spells              Type           Power        Failure   Level  Hunger
a - Beastly Appendage     Trmt           ######       10%         1    None
b - Sticks to Snakes      Trmt           ######..     12%         2    None
c - Spider Form           Trmt/Pois      #####.....   17%         3    None
d - Blade Hands           Trmt           ######....   36%         5    #####..
e - Ice Form              Ice/Trmt       #####...     41%         4    ###....


Dungeon Overview and Level Annotations

Branches:
Dungeon (7/15)             Temple (0/1) D:6

Altars:
Ashenzari
Cheibriados
Fedhas
Kikubaaqudgha
Ru
Sif Muna
Trog
Vehumet
Xom
Yredelemnul
Zin

Shops:
D:5 *   D:7 *

Annotations:
D:7 Thrillho's ghost, novice KoBe


Innate Abilities, Weirdness & Mutations

You cannot wear boots.
Your serpentine skin is tough (AC +3).
You have supernaturally acute eyesight.
Armour fits poorly on your strangely shaped body.
Your system is resistant to poisons.
You cover ground very slowly.
You have a slow metabolism.
You can spit poison.


Message History

Your adder bites Thrillho's ghost.
Your adder misses Thrillho's ghost.
You hit Thrillho's ghost but do no damage.
Thrillho's ghost is moderately damaged.
Thrillho's ghost hits you!
* * * LOW HITPOINT WARNING * * *
Your adder bites Thrillho's ghost but does no damage.
Your adder completely misses Thrillho's ghost.
Your adder bites Thrillho's ghost but does no damage.
You hit Thrillho's ghost but do no damage.
Thrillho's ghost is moderately damaged.
Thrillho's ghost hits you!
* * * LOW HITPOINT WARNING * * *
Your adder bites Thrillho's ghost.
Your adder completely misses Thrillho's ghost. x2
Unknown command.
You barely miss Thrillho's ghost.
Thrillho's ghost is heavily damaged.
Your adder completely misses Thrillho's ghost.
Your adder misses Thrillho's ghost. Thrillho's ghost hits you!
You die...

##.#.# ###### #..
...?##.....# ### #.
#.#$....... #.
##.#..#.#.# .# #.
#.........# .# #.
#..#..#.#.###.# #.
#..#..........#
#.##...#.........
#.#S@S###...#..#
#...W..#.......#
###..S#.#......######
##.##..............
..####.....#######
#..# #..>..#
#..#####.##.# ##
#..........:# #.
#.######.#### #.


You could see Thrillho's ghost and 3 friendly adders.

Vanquished Creatures
  Sigmund (D:2)
  Edmund (D:4)
  Menkaure (D:5)
  A water moccasin (D:5)
  Duvessa (D:5)
  An orc warrior (D:6)
  A phantom (D:4)
  An ice beast (D:5)
  2 sky beasts (D:5)
  2 ogres
  A centaur (D:6)
  2 giant frogs
  Dowan (D:5)
  5 wights (D:4)
  2 giant frog zombies
  3 hounds
  A centaur skeleton (D:5)
  2 giant frog skeletons
  Crazy Yiuf (D:2)
  Jessica (D:2)
  2 iguanas
  5 worker ants
  Natasha (thrice) (D:2)
  3 orc wizards
  Terence (D:3)
  3 gnolls (D:2)
  A river rat (D:5)
  8 adders
  4 worms
  2 dart slugs
  4 giant geckos
  17 orcs
  4 bats
  5 giant cockroaches
  5 goblins
  8 hobgoblins
  16 jackals
  4 quokkas
  4 ball pythons (D:3)
  A giant gecko skeleton (D:5)
  A giant newt (D:4)
  6 kobolds
  A quokka skeleton (D:4)
  17 rats
  A fungus (D:2)
157 creatures vanquished.

Vanquished Creatures (collateral kills)
  A scorpion (D:4)
  An adder (D:2)
  A worm (D:2)
  A jackal (D:2)
4 creatures vanquished.

Grand Total: 161 creatures vanquished

Notes
Turn   | Place    | Note
--------------------------------------------------------------
     0 | D:1      | deorigin the Naga Transmuter began the quest for the Orb.
     0 | D:1      | Reached XP level 1. HP: 18/18 MP: 3/3
   308 | D:1      | Reached XP level 2. HP: 21/25 MP: 3/5
   314 | D:1      | Learned a level 2 spell: Sticks to Snakes
   599 | D:1      | Reached skill level 1 in Stealth
  1155 | D:1      | Reached XP level 3. HP: 31/31 MP: 4/6
  1160 | D:1      | Learned a level 3 spell: Spider Form
  1512 | D:2      | Reached skill level 1 in Poison Magic
  1883 | D:2      | Noticed Jessica
  1897 | D:2      | Killed Jessica
  1897 | D:2      | Reached XP level 4. HP: 32/38 MP: 5/7
  2187 | D:2      | Noticed Sigmund
  2287 | D:2      | Noticed Natasha
  2303 | D:2      | Killed Natasha
  3021 | D:2      | Killed Sigmund
  3021 | D:2      | Reached XP level 5. HP: 27/44 MP: 2/11
  3021 | D:2      | Reached XP level 6. HP: 32/51 MP: 2/12
  3138 | D:2      | Learned a level 5 spell: Blade Hands
  3239 | D:2      | Reached skill level 3 in Transmutations
  3621 | D:2      | Noticed a moth of wrath
  3622 | D:2      | Noticed Natasha
  3635 | D:2      | Killed Natasha
  3708 | D:2      | Found a bloodstained altar of Trog.
  3774 | D:2      | Noticed Natasha
  3780 | D:2      | Killed Natasha
  3902 | D:2      | Noticed Crazy Yiuf
  3911 | D:2      | Killed Crazy Yiuf
  3911 | D:2      | Reached skill level 4 in Transmutations
  4011 | D:3      | Found a shimmering altar of Xom.
  4014 | D:3      | Noticed an angel
  4017 | D:3      | Found a glowing silver altar of Zin.
  4061 | D:3      | Reached XP level 7. HP: 57/57 MP: 10/13
  4133 | D:3      | Found a shattered altar of Ashenzari.
  4134 | D:3      | Noticed Terence
  4145 | D:3      | Killed Terence
  4364 | D:3      | Found a deep blue altar of Sif Muna.
  4783 | D:4      | Found a snail-covered altar of Cheibriados.
  4795 | D:4      | Became a worshipper of Cheibriados the Contemplative
  4805 | D:4      | Found a basalt altar of Yredelemnul.
  4819 | D:4      | Found a radiant altar of Vehumet.
  5161 | D:4      | Reached skill level 5 in Transmutations
  5545 | D:4      | Reached skill level 6 in Transmutations
  5802 | D:4      | Noticed Edmund
  5824 | D:4      | Killed Edmund
  5939 | D:4      | Found a sacrificial altar of Ru.
  5953 | D:4      | Reached XP level 8. HP: 59/64 MP: 11/14
  6008 | D:4      | Reached * piety under Cheibriados
  6008 | D:4      | Reached skill level 7 in Transmutations
  6535 | D:5      | Entered Level 5 of the Dungeon
  6790 | D:5      | Reached skill level 8 in Transmutations
  7002 | D:5      | Noticed Duvessa
  7002 | D:5      | Noticed Dowan
  7028 | D:5      | Killed Duvessa
  7038 | D:5      | Killed Dowan
  7038 | D:5      | Reached skill level 9 in Transmutations
  7062 | D:5      | HP: 3/64 [poisoned by Duvessa]
  7068 | D:5      | HP: 2/64 [poisoned by Duvessa]
  7077 | D:5      | HP: 2/64 [poisoned by Duvessa]
  7083 | D:5      | HP: 2/64 [poisoned by Duvessa]
  7089 | D:5      | HP: 3/64 [poisoned by Duvessa]
  7095 | D:5      | HP: 3/64 [poisoned by Duvessa]
  7521 | D:5      | Found Esefuqe's General Store.
  7524 | D:5      | Bought a potion of heal wounds for 55 gold pieces
  7527 | D:5      | Noticed Menkaure
  7566 | D:5      | Killed Menkaure
  7611 | D:5      | Reached ** piety under Cheibriados
  7611 | D:5      | Reached skill level 5 in Spellcasting
  7611 | D:5      | Reached XP level 9. HP: 57/70 MP: 11/16
  7785 | D:5      | Learned a level 4 spell: Ice Form
  8220 | D:5      | Reached skill level 1 in Ice Magic
  8475 | D:5      | Reached *** piety under Cheibriados
  9520 | D:6      | Found a staircase to the Ecumenical Temple.
  9759 | D:7      | Found Fiubixor's Assorted Antiques.
  9774 | D:7      | Bought a scroll of identify for 46 gold pieces
  9774 | D:7      | Bought a scroll of identify for 46 gold pieces
  9831 | D:7      | Found an ancient bone altar of Kikubaaqudgha.
  9832 | D:7      | Found a blossoming altar of Fedhas.
  9915 | D:7      | Noticed Thrillho's ghost (novice KoBe)
  9939 | D:7      | Mangled by Thrillho's ghost

Skill      XL: |  1  2  3  4  5  6  7  8  9 |
---------------+----------------------------+-----
Stealth        | 2 3 |  3.1
Poison Magic   | 2 4 |  4.0
Spellcasting   | 4 5 6 |  6.7
Transmutations | 4 6 9 |  9.2
Ice Magic      | 2 |  2.6
Dodging        | 2 |  2.1
Fighting       | 2 |  2.0
Unarmed Combat | |  3.1

Action                   |  1- 3 |  4- 6 |  7- 9 || total
-------------------------+-------+-------+-------++-------
Melee: Unarmed           |    11 |    67 |   192 ||   270
       Headbutt          |     2 |     3 |    28 ||    33
       Dagger            |    11 |    70 |       ||    81
       Spear             |    28 |    12 |     7 ||    47
       Halberd           |       |       |    47 ||    47
       Flail             |       |       |    62 ||    62
       Short sword       |       |       |   112 ||   112
       Punch             |       |       |     3 ||     3
 Cast: Beastly Appendage |     8 |     5 |    17 ||    30
       Sticks to Snakes  |     1 |     7 |     5 ||    13
       Spider Form       |       |     9 |    19 ||    28
       Blade Hands       |       |       |     5 ||     5
 Abil: Spit Poison       |    24 |    16 |    24 ||    64
  Use: Scroll            |       |       |     9 ||     9
       Potion            |       |       |     5 ||     5
 Stab: Sleeping          |       |     1 |     4 ||     5
  Eat: Chunk             |     2 |     8 |    13 ||    23
       Pizza             |     1 |       |       ||     1
       Beef jerky        |       |       |     2 ||     2
Armor: Robe              |     9 |    20 |   101 ||   130
       Skin              |       |     4 |     5 ||     9
Dodge: Dodged            |    22 |   113 |   298 ||   433
